 Dungeon Crawl Stone Soup version 0.16.1-2-g95b8d4c (webtiles) character file.

241 Helmschank the Magician (level 5, 0/42 HPs)
             Began as a Deep Elf Fire Elementalist on Mar 25, 2015.
             Slain by a human zombie (1 damage)
             ... in an ossuary.
             The game lasted 00:22:11 (3636 turns).

Helmschank the Magician (DEFE)                      Turns: 3636, Time: 00:22:11

Health: 0/42       AC: 22    Str:  5    XL:     5   Next: 80%
Magic:  8/20       EV:  2    Int: 21    God:
Gold:   143        SH:  0    Dex: 15    Spells: 4 memorised, 6 levels left

rFire  . . .     SeeInvis .     w - +1 dagger (elec)
rCold  . . .     Clarity  .     a - melded +0 robe
rNeg   + + +     SustAb   .     (no shield)
rPois  +         Gourm    .     (helmet currently unavailable)
rElec  .         Spirit   .     (cloak currently unavailable)
rCorr  .         Warding  .     (gloves currently unavailable)
rMut   .         NoTele   +     (boots currently unavailable)
MR     .....                    (no amulet)
Stlth  +++.......               (no ring)
                                (no ring)

@: tree-form, very slightly contaminated, not resistant to hostile enchantments,
fairly stealthy
A: no striking features
a: no special abilities


You were in an ossuary.
You were hungry.
You were a tree.
You visited 1 branch of the dungeon, and saw 4 of its levels.
You also visited: Ossuary.

You collected 143 gold pieces.

Inventory:

Hand weapons
 w - a +1 dagger of electrocution (weapon)
Missiles
 j - 22 poisoned needles
 m - 81 stones (quivered)
Armour
 a - a +0 robe (melded)
Jewellery
 h - an uncursed ring of ice {unknown}
 u - an uncursed amulet of guardian spirit
 y - an uncursed ring of protection from magic {unknown}
Scrolls
 d - 4 scrolls of identify {unknown}
 f - 3 scrolls of remove curse {unknown}
 g - a scroll of blinking {unknown}
 k - 2 scrolls of amnesia {unknown}
 r - a scroll of enchant armour {unknown}
 t - a scroll of magic mapping {unknown}
 v - 2 scrolls of enchant weapon {unknown}
 C - a scroll of random uselessness {unknown}
 E - 2 scrolls of teleportation {unknown}
Potions
 e - a potion of lignification
 i - a potion of invisibility {unknown}
 n - a potion of cancellation {unknown}
 p - a potion of curing {unknown}
 q - 3 potions of might {unknown}
 x - a potion of magic {unknown}
 A - 2 potions of haste {unknown}
 D - a potion of brilliance {unknown}
Books
 b - a book of Flames

   Spells                             Type                      Level
   a - Flame Tongue                   Conjuration/Fire             1
   b - Throw Flame                    Conjuration/Fire             2
   c - Conjure Flame                  Conjuration/Fire             3
   d - Inner Flame                    Hexes/Fire                   3
   e - Sticky Flame                   Conjuration/Fire             4
   f - Fireball                       Conjuration/Fire             5
Comestibles
 c - 3 bread rations
 l - a slice of pizza
 o - 6 meat rations
 s - 3 beef jerkies
 z - 3 fruits
 B - 4 chunks of flesh


   Skills:
 - Level 2.4 Dodging
 - Level 2.4 Stealth
 * Level 6.2 Spellcasting
 + Level 3.1 Conjurations
 + Level 4.5 Fire Magic


You had 6 spell levels left.
You knew the following spells:

 Your Spells              Type           Power        Failure   Level  Hunger
a - Throw Flame           Conj/Fire      ###...       3%          2    None
h - Conjure Flame         Conj/Fire      ###.....     10%         3    #......
s - Sticky Flame          Conj/Fire      ###.....     24%         4    ###....
z - Flame Tongue          Conj/Fire      ###..        1%          1    None


Dungeon Overview and Level Annotations

Branches:
Dungeon (4/15)
 Temple: D:4-7

Altars:
Qazlal
Sif Muna
Yredelemnul


Message History

The human zombie burns!
The hound zombie bites you but does no damage.
The hobgoblin zombie hits you but does no damage.
The hound zombie bites you.
* * * LOW HITPOINT WARNING * * *
The kobold zombie hits you but does no damage.
The hound zombie bites you but does no damage.
The goblin zombie hits you.
* * * LOW HITPOINT WARNING * * *
You cannot move.
Unknown command.
Casting: Sticky Flame
Confirm with . or Enter, or press ? or * to list all spells.
Aiming: Flame Tongue
Press: ? - help, Shift-Dir - straight line, f - elf zombie, p - human zombie
Aim: an elf zombie The flame tongue hits the elf zombie.
The human zombie burns!
The elf zombie hits you but does no damage.
The human zombie hits you.
You die...

.... ..........
............
..............
................
................
........Z.......
........ZZZ.......
.......ZZ♣Z.......
........ZZZ.......
........Z.......
................
...............#
..............
............
.......... ####


You could see an adder zombie, 2 hound zombies, a goblin zombie, 2 hobgoblin
zombies, a kobold zombie, a big kobold zombie, an orc zombie, an elf zombie and
a human zombie (burning).

Vanquished Creatures
  An orc priest (D:3)
  A hound (D:4)
  A worker ant (D:4)
  3 adders (D:2)
  4 gnolls (D:3)
  A giant mite (D:2)
  A worm (D:3)
  An adder zombie (Ossuary)
  A giant gecko (D:3)
  3 oozes (D:2)
  6 orcs
  8 bats
  2 giant cockroaches (D:2)
  9 goblins
  6 hobgoblins
  3 jackals (D:2)
  10 kobolds
  A quokka (D:3)
  3 ball pythons
  6 giant newts
  9 rats
  A spectral orc (D:3)
81 creatures vanquished.

Notes
Turn   | Place    | Note
--------------------------------------------------------------
     0 | D:1      | Helmschank, the Deep Elf Fire Elementalist, began the quest for the Orb.
     0 | D:1      | Reached XP level 1. HP: 10/10 MP: 5/5
   490 | D:1      | Reached XP level 2. HP: 15/15 MP: 8/8
   563 | D:1      | Learned a level 2 spell: Throw Flame
   970 | D:1      | Reached skill level 4 in Spellcasting
  1304 | D:2      | Reached XP level 3. HP: 19/19 MP: 9/12
  1309 | D:2      | Learned a level 3 spell: Conjure Flame
  1587 | D:2      | Found a stormy altar of Qazlal.
  1837 | D:2      | Reached XP level 4. HP: 22/24 MP: 7/16
  1843 | D:2      | Learned a level 4 spell: Sticky Flame
  2415 | D:3      | Reached skill level 5 in Spellcasting
  2816 | D:3      | Reached XP level 5. HP: 28/28 MP: 12/20
  3132 | D:3      | Found a basalt altar of Yredelemnul.
  3484 | D:3      | Found a deep blue altar of Sif Muna.
  3583 | D:4      | Reached skill level 6 in Spellcasting
  3619 | D:4      | Found a sand-covered staircase.
  3624 | Ossuary  | Entered an ossuary
  3635 | Ossuary  | HP: 2/42 [hound zombie (1)]
  3636 | Ossuary  | Slain by a human zombie

Action                   |  1- 3 |  4- 6 || total
-------------------------+-------+-------++-------
Melee: Short sword       |     6 |     2 ||     8
       Dagger            |       |     3 ||     3
Throw: Stone             |     1 |    10 ||    11
 Cast: Flame Tongue      |    61 |    42 ||   103
       Throw Flame       |     9 |    22 ||    31
       Sticky Flame      |       |     7 ||     7
  Use: Potion            |       |     1 ||     1
 Stab: Distracted        |     1 |       ||     1
       Sleeping          |       |     1 ||     1
  Eat: Chunk             |     3 |     6 ||     9
